 Dungeon Crawl Stone Soup version 0.19.1-1-g22dce08 (webtiles) character file.

49 dngmouse the Magician (level 3, -3/19 HPs)
             Began as a Deep Elf Wizard on Jan 19, 2017.
             Slain by Crazy Yiuf
             ... wielding a +4 quarterstaff of chaos
              (10 damage)
             ... on level 2 of the Dungeon.
             The game lasted 00:05:25 (2516 turns).

dngmouse the Magician (Deep Elf Wizard)             Turns: 2516, Time: 00:05:25

Health: -3/19      AC:  3    Str:  4    XL:     3   Next: 51%
Magic:  4/10       EV: 13    Int: 23    God:
Gold:   91         SH:  0    Dex: 13    Spells: 4 memorised, 2 levels left

rFire  . . .     SeeInvis .     (no weapon)
rCold  . . .     Gourm    .     a - +0 robe
rNeg   . . .     Faith    .     (no shield)
rPois  .         Spirit   .     b - +0 hat
rElec  .         Reflect  .     (no cloak)
rCorr  .         Harm     .     (no gloves)
MR     .....                    m - +0 pair of boots
Stlth  ++........               (no amulet)
                                (no ring)
                                (no ring)

@: no status effects
A: low mp 1, evolution 1, no device heal 1
a: no special abilities


You were on level 2 of the Dungeon.
You were hungry.

You visited 1 branch of the dungeon, and saw 2 of its levels.

You collected 91 gold pieces.

Inventory:

Armour
 a - a +0 robe (worn)
 b - a +0 hat (worn)
 m - a +0 pair of boots (worn)
Jewellery
 s - an uncursed ring of protection from cold {unknown}
Scrolls
 e - 5 scrolls of remove curse {unknown}
 h - a scroll of random uselessness {unknown}
 i - 2 scrolls of noise {unknown}
 j - 3 scrolls of fear {unknown}
 k - a scroll of immolation {unknown}
 p - a scroll of identify {unknown}
 r - a scroll of fog {unknown}
Potions
 f - a potion of curing
Books
 c - a book of Minor Magic

   Spells                             Type                      Level
   a - Magic Dart                     Conjuration                  1
   b - Blink                          Translocation                2
   c - Call Imp                       Summoning                    2
   d - Repel Missiles                 Charms/Air                   2
   e - Slow                           Hexes                        2
   f - Conjure Flame                  Conjuration/Fire             3
   g - Mephitic Cloud                 Conjuration/Poison/Air       3
Comestibles
 d - 2 bread rations


   Skills:
 - Level 2.4 Dodging
 - Level 2.4 Stealth
 * Level 4.6 Spellcasting
 + Level 3.7 Conjurations
   Level 1.1 Summonings
 + Level 1.1 Translocations


You had 2 spell levels left.
You knew the following spells:

 Your Spells              Type           Power        Failure   Level  Hunger
a - Magic Dart            Conj           ###.         2%          1    None
b - Blink                 Tloc           N/A          12%         2    None
c - Conjure Flame         Conj/Fire      ##......     14%         3    ##.....
d - Mephitic Cloud        Conj/Pois/Air  ##......     21%         3    ##.....


Dungeon Overview and Level Annotations

Branches:
Dungeon (2/15)

Altars:
Dithmenos
Makhleb

Annotations:
D:2 Crazy Yiuf


Innate Abilities, Weirdness & Mutations

Your magical capacity is low. (-10% MP)
You evolve.
Potions and wands are less effective at restoring your health.


Message History

Crazy Yiuf is moderately wounded.
Crazy Yiuf hits you with a quarterstaff of chaos.
Casting: Magic Dart
Confirm with . or Enter, or press ? or * to list all spells.
Aiming: Magic Dart
Press: ? - help, Shift-Dir - straight line, f/p - Crazy Yiuf
Aim: Crazy Yiuf, wielding a quarterstaff of chaos and wearing an embroidered cloak (moderately wounded)
The magic dart hits Crazy Yiuf.
Crazy Yiuf is heavily wounded.
Crazy Yiuf hits you with a quarterstaff of chaos.
Casting: Magic Dart
Confirm with . or Enter, or press ? or * to list all spells.
Aiming: Magic Dart
Press: ? - help, Shift-Dir - straight line, f/p - Crazy Yiuf
Aim: Crazy Yiuf, wielding a quarterstaff of chaos and wearing an embroidered cloak (moderately wounded)
The magic dart hits Crazy Yiuf.
Crazy Yiuf is moderately wounded.
Crazy Yiuf hits you with a quarterstaff of chaos!
Ouch! That really hurt!
You die...

#..........#####.............#..)
#...................#.....####...
#...........#..........#### #...
#.......................########.
#..........#..........#.....####.
#...†......#..........#####....#.
#..........#..........# ####...
#..........#......)...# #)..
############....@g..<.########.##
##########..................#
#..................#.#####..##
##.######.............# ##...
#..######...........### ##.#.
#...........<.......# #..##
#>#######...........# #.### ###
#.#........## #.# ###
######.........## #.#


You could see Crazy Yiuf.

Vanquished Creatures
  2 adders (D:2)
  An ooze (D:1)
  A worm (D:2)
  A dart slug (D:1)
  3 bats
  2 giant cockroaches (D:2)
  2 goblins (D:2)
  4 hobgoblins
  2 kobolds (D:2)
  4 rats
22 creatures vanquished.

Notes
Turn   | Place    | Note
-------+----------+-------------------------------------------
     0 | D:1      | dngmouse the Deep Elf Wizard began the quest for the Orb.
     0 | D:1      | Reached XP level 1. HP: 10/10 MP: 7/7
   240 | D:1      | Reached XP level 2. HP: 15/15 MP: 6/9
   608 | D:2      | Found a burning altar of Makhleb.
   801 | D:2      | Found a runed door.
   856 | D:2      | Reached XP level 3. HP: 19/19 MP: 5/10
   946 | D:2      | Learned a level 2 spell: Blink
   950 | D:2      | Learned a level 3 spell: Conjure Flame
   954 | D:2      | Learned a level 3 spell: Mephitic Cloud
  1074 | D:2      | Found a faded altar of an unknown god.
  1074 | D:2      | Found a faded altar of an unknown god.
  1079 | D:2      | Found a faded altar of an unknown god.
  1081 | D:2      | Found a shadowy altar of Dithmenos.
  1083 | D:2      | Found a faded altar of an unknown god.
  2418 | D:2      | Noticed Crazy Yiuf
  2428 | D:2      | Gained mutation: Your magical capacity is low. (-10% MP) [potion of mutation]
  2428 | D:2      | Gained mutation: Potions and wands are less effective at restoring your health. [potion of mutation]
  2428 | D:2      | Gained mutation: You evolve. [potion of mutation]
  2516 | D:2      | Slain by Crazy Yiuf

Skill      XL: |  1  2 |
---------------+-------+-----
Conjurations   | 2 3 |  3.7
Dodging        | |  2.4
Stealth        | |  2.4
Spellcasting   | |  4.6
Summonings     | |  1.1
Translocations | |  1.1

Action                   || total
-------------------------++-------
 Cast: Magic Dart        ||    58
       Conjure Flame     ||     1
       Blink             ||     1
  Use: Potion            ||     6
  Eat: Fruit             ||     3
       Beef jerky        ||     1
Dodge: Dodged            ||     8
